Map: Odyssée EC

Players

PischtL

  • Race: Protoss Protoss
  • League: Platinum
  • Spawn Location: 5:00

zidar - Winner!

  • Race: Zerg Zerg
  • League: Gold
  • Spawn Location: 11:00

VOD

Have the link to the VOD?

Description

Time

  • Played on: July 3, 2017, 11:40 a.m.
  • Length: 4:27
Show
View Real Time Build Order
Export as new Build Order

PischtL Protoss 

Build Orders: 1 Gate Expand 

Get SALT Encoding   

  12  0:03  Probe (Chrono Boost)  
  13  0:13  Pylon  
  13  0:18  Probe (Chrono Boost)  
  15  0:28  Probe (Chrono Boost)  
  15  0:35  Gateway  
  15  0:40  Probe (Chrono Boost)  
  16  0:47  Assimilator  
  16  0:50  Probe (Chrono Boost)  
  17  1:02  Probe (Chrono Boost)  
  18  1:13  Probe (Chrono Boost)  
  19  1:27  Nexus  
  19  1:30  Probe (Chrono Boost)  
  20  1:44  Cybernetics Core  
  20  1:47  Probe (Chrono Boost)  
  21  1:52  Pylon  
  21  2:02  Probe (Chrono Boost)  
  22  2:12  Probe (Chrono Boost)  
  23  2:21  Warp Gate (Chrono Boost)  
  23  2:22  Stalker  
  25  2:23  Probe  
  26  2:35  Probe  
  27  2:43  Gateway  
  27  2:46  Gateway  
  27  2:47  Mothership Core  
  27  2:48  Pylon  
  29  2:55  Probe  
  30  3:08  Probe  
  31  3:13  Probe  
  32  3:20  Probe  
  32  3:23  Gateway x2  
  32  3:24  Probe  
  34  3:28  Assimilator  
  34  3:32  Probe  
  35  3:35  Probe  
  36  3:44  Probe  
  36  3:45  Probe  
  24  4:15  Zealot x3  
Show
View Real Time Build Order
Export as new Build Order

zidar Zerg - Winner!

Build Orders: Pool First 

Get SALT Encoding   

  12  0:02  Drone  
  13  0:12  Overlord  
  13  0:16  Drone  
  14  0:31  Drone x2  
  14  0:34  Drone  
  17  0:48  Spawning Pool  
  16  0:50  Drone  
  17  1:13  Hatchery  
  17  1:18  Drone  
  17  1:21  Drone  
  17  1:24  Extractor  
  17  1:36  Queen  
  17  1:39  Drone  
  20  1:58  Overlord x2  
  20  2:11  Queen  
  22  2:24  Zergling x4  
  22  2:25  Zergling x2  
  22  2:27  Metabolic Boost  
  25  2:38  Zergling x4  
  25  2:39  Zergling x2  
  27  2:53  Zergling x8  
  31  3:12  Zergling x8  
  35  3:20  Zergling x8  
  39  3:30  Overlord  
  39  3:32  Overlord  
Tags
 
Add a new tag
Caveats
  • Supply blocks, unpowered buildings, or Contaminate may cause inaccurate times.
  • Supply counts are checked every 10 seconds.